 Dungeon Crawl Stone Soup version 0.27.0-1-g7a089689b8 (webtiles) character file.

Game seed: 165026032174190008

28 dolemite99 the Grave Robber (level 2, 0/22 HPs)
             Began as a Deep Dwarf Necromancer on Aug 11, 2021.
             Slain by an orc (3 damage)
             ... on level 2 of the Dungeon.
             The game lasted 00:01:33 (1316 turns).

dolemite99 the Grave Robber (DDNe)                  Turns: 1316, Time: 00:01:34

Health: 0/22       AC:  2    Str: 11    XL:     2   Next: 96%
Magic:  1/4        EV: 12    Int: 15    God:
Gold:   4          SH:  0    Dex: 13    Spells: 3/4 levels left

rFire    . . .     SeeInvis .   g - +0 spear
rCold    . . .     Faith    .   (no shield)
rNeg     . . .     Spirit   .   a - +0 robe
rPois    .         Reflect  .   (no helmet)
rElec    .         Harm     .   (no cloak)
rCorr    .         Rampage  .   (no gloves)
Will     .....                  (no boots)
Stlth    ++........             (no amulet)
HPRegen  0.00/turn              (no ring)
MPRegen  0.09/turn              (no ring)

@: no status effects
A: damage resistance, heal wounds, sense surroundings 1, no regeneration
a: Heal Wounds


You were on level 2 of the Dungeon.
You visited 1 branch of the dungeon, and saw 2 of its levels.

You collected 4 gold pieces.

Inventory:

Hand Weapons
 c - a +0 short sword
 e - a +0 hunting sling
 g - a +0 spear (weapon)
 i - a +0 dagger
Missiles
 f - 23 arrows
 h - 19 stones
Armour
 a - a +0 robe (worn)
Magical Staves
 b - a staff of conjuration
Scrolls
 d - 3 scrolls of identify {unknown}


   Skills:
 - Level 2.1 Dodging
 - Level 2.4 Stealth
 - Level 1.7 Spellcasting
 + Level 5.4 Necromancy


You had 3 spell levels left.
You knew the following spells:

 Your Spells              Type           Power      Damage    Failure   Level
a - Pain                  Necr           68%        1d7       2%          1

Your spell library contained the following spells:

 Spells                   Type           Power      Damage    Failure   Level
 Animate Skeleton         Necr           34%        N/A       2%          1
 Vampiric Draining        Necr           8%         2d7       7%          3
 Animate Dead             Necr           8%         N/A       24%         4
 Agony                    Necr           17%        N/A       54%         5


Dungeon Overview and Level Annotations

Branches:
Dungeon (1/15)

Altars:


Innate Abilities, Weirdness & Mutations

You are resistant to damage.
You can heal yourself by infusing magical energy.
You passively map a small area around you.
You do not regenerate.


Message History

The shaft crumbles and collapses.
Found 17 stones and a whip. 5 orcs come into view.
The orc shouts! x3; You hear a shout!
The orc shouts!
Casting: Pain (safe; 2% risk of failure)
Confirm with . or Enter, or press ? or * to list all spells.
Aiming: Pain (safe; 2% risk of failure)
Press: ? - help, Shift-Dir - straight line, f - orc
Aim: an orc, wielding a +0 short sword (chance to affect: 87%)
The orc writhes in agony.
A goblin comes into view. It is wielding a +0 club.
The orc closely misses you.
Casting: Pain (safe; 2% risk of failure)
Confirm with . or Enter, or press ? or * to list all spells.
Aiming: Pain (safe; 2% risk of failure)
Press: ? - help, Shift-Dir - straight line, f/p - orc
Aim: an orc, wielding a +0 short sword (heavily wounded, chance to affect: 87%)
The orc writhes in agony.
The orc barely misses you.
Casting: Pain (safe; 2% risk of failure)
Confirm with . or Enter, or press ? or * to list all spells.
Aiming: Pain (safe; 2% risk of failure)
Press: ? - help, Shift-Dir - straight line, f/p - orc
Aim: an orc, wielding a +0 short sword (severely wounded, chance to affect: 87%)
The orc barely resists.
The orc hits you with a +0 short sword.
Casting: Pain (safe; 2% risk of failure)
Confirm with . or Enter, or press ? or * to list all spells.
Aiming: Pain (safe; 2% risk of failure)
Press: ? - help, Shift-Dir - straight line, f/p - orc
Aim: an orc, wielding a +0 short sword (severely wounded, chance to affect: 87%)
The orc writhes in agony.
You kill the orc!
The orc hits you with a +0 whip.
You hit the orc but do no damage. The orc hits you with a +0 whip.
* * * LOW HITPOINT WARNING * * *
You hit the orc but do no damage. The orc hits you with a +0 whip.
* * * LOW HITPOINT WARNING * * *
The orc closely misses you.
You hit the orc but do no damage. The orc closely misses you.
You closely miss the orc. The orc hits you with a +0 club.
You die...

### ##@#
########o#o###**
* ,
......)o###.. ,,
, ######.#.#.###
**, #.##.### **
.#
#.##oo.####....
*#.#............
.........###.##
#.....o.(.# * *,


You could see 3 orcs.

Vanquished Creatures
  An orc (D:2)
  3 ball pythons (D:1)
  An endoplasm (D:1)
  4 goblins (D:1)
  3 hobgoblins (D:1)
  3 jackals (D:1)
  A quokka (D:1)
  3 bats (D:1)
  2 frilled lizards (D:1)
  2 kobolds (D:1)
  A rat (D:1)
24 creatures vanquished.

Notes
Turn   | Place    | Note
-------+----------+-------------------------------------------
     0 | D:1      | dolemite99 the Deep Dwarf Necromancer began the quest for
                  | the Orb.
     0 | D:1      | Reached XP level 1. HP: 15/15 MP: 3/3
   222 | D:1      | Reached XP level 2. HP: 17/22 MP: 1/4
   260 | D:1      | Reached skill level 5 in Necromancy
  1299 | D:1      | You fall into a shaft and drop 1 floor!
  1316 | D:2      | Slain by an orc

Illustrated notes

Levels and vault maps discovered:
D:1:      scummos_arrival_gate, layout_rooms
D:2:      layout_loops_ring, basic_altar, minmay_small_reverse_x, uniq_sigmund

Skill      XL: |  1  2 |
---------------+-------+-----
Necromancy     | 5 |  5.4
Dodging        | |  2.1
Stealth        | |  2.4
Spellcasting   | |  1.7

Action                   || total
-------------------------++-------
Melee: Spear             ||    25
 Cast: Pain              ||    39
Armor: Robe              ||     7
Dodge: Dodged            ||    26
